 Dungeon Crawl Stone Soup version 0.29.1-2-gbd0b4ee654 (webtiles) character file.

Game seed: 16146156367167333975

630 tevo3000 the Covert (level 7, -1/40 HPs)
             Began as a Kobold Brigand on Nov 28, 2022.
             Was an Initiate of Yredelemnul.
             Splashed by a jelly's acid (11 damage)
             ... on level 6 of the Dungeon.
             The game lasted 00:12:22 (4553 turns).

tevo3000 the Covert (Kobold Brigand)                Turns: 4553, Time: 00:12:23

Health: -1/40      AC: -9    Str:  9    XL:     7   Next: 77%
Magic:  7/7        EV: 16    Int: 12    God:    Yredelemnul [......]
Gold:   333        SH:  0    Dex: 18    Spells: 6/6 levels left

rFire   . . .      SeeInvis .   a - +2 dagger
rCold   . . .      Faith    .   (no shield)
rNeg    . . .      Spirit   .   b - +0 robe
rPois   .          Reflect  .   (no helmet)
rElec   .          Harm     .   c - +0 cloak
rCorr   .          Rampage  .   (no gloves)
Will    .....                   (no boots)
Stlth   +++++.....              (no amulet)
HPRegen 0.13/turn               (no ring)
MPRegen 0.10/turn               (no ring)

@: corroded
A: small, no large weapons, nightstalker 3
a: Renounce Religion, Recall Undead Harvest


You were on level 6 of the Dungeon.
You worshipped Yredelemnul.
Yredelemnul was noncommittal.
You visited 1 branch of the dungeon, and saw 5 of its levels.
You also visited: Ossuary.

You collected 333 gold pieces.

Inventory:

Hand Weapons
 a - a +2 dagger (weapon)
Missiles
 d - 16 poisoned darts (quivered)
 e - 3 curare-tipped darts
Armour
 b - a +0 robe (worn)
 c - a +0 cloak (worn)
Jewellery
 s - an amulet of magic regeneration
Scrolls
 f - a scroll of brand weapon {unknown}
 g - a scroll of fear {unknown}
 h - a scroll of fog {unknown}
 j - a scroll of vulnerability {unknown}
 k - 6 scrolls of identify {unknown}
 p - 2 scrolls of noise {unknown}
 r - 4 scrolls of teleportation {unknown}
 t - a scroll of poison {unknown}
 u - 4 scrolls of torment {unknown}
 v - a scroll of silence {unknown}
Potions
 i - a potion of attraction
 l - a potion of heal wounds {unknown}
 m - 5 potions of lignification {unknown}
 n - a potion of curing
 o - 2 potions of resistance {unknown}
 q - 3 potions of mutation {unknown}


   Skills:
 - Level 2.1 Fighting
 * Level 7.0 Short Blades
 - Level 2.1 Throwing
 + Level 4.2 Dodging
 * Level 8.9 Stealth


You had 6 spell levels left.
You didn't know any spells.
Your spell library contained the following spells:

 Spells                   Type           Power      Damage    Failure   Level
 Apportation              Tloc           0%         N/A       32%         1
 Magic Dart               Conj           0%         1d3       32%         1
 Necrotise                Necr           0%         1d4       32%         1
 Summon Small Mammal      Summ           0%         N/A       32%         1
 Call Imp                 Summ           0%         N/A       45%         2
 Mephitic Cloud           Conj/Pois/Air  0%         N/A       69%         3


Dungeon Overview and Level Annotations

Branches:
Dungeon (6/15)            Ossuary (visited)
 Temple: D:4-7

Altars:
Yredelemnul


Innate Abilities, Weirdness & Mutations

You are small and have problems with some larger weapons.
You are completely attuned to the shadows.


Message History

You now have 310 gold pieces (gained 7).
You now have 324 gold pieces (gained 14).
You now have 333 gold pieces (gained 9).
There is an open door here.
Found a gate leading back out of this place.
You're already here!
You can't go up here!
There is a gate leading back out of this place here.
Welcome back to the Dungeon!
There is a collapsed entrance here.
There is an open door here.
A jelly comes into view.
The jelly quivers.
The jelly barely misses you.
You hit the jelly. The acid corrodes you!
Your hands burn!
The jelly is moderately wounded.
The jelly barely misses you.
You hit the jelly but do no damage.
Your hands burn!
The jelly is moderately wounded.
You hit the jelly but do no damage. The acid corrodes you!
Your hands burn!
The jelly is moderately wounded.
The jelly hits you.
You are splashed with acid!
You hit the jelly but do no damage. The acid corrodes you!
Your hands burn!
The jelly is moderately wounded.
The jelly barely misses you.
You hit the jelly.
Your hands burn!
* * * LOW HITPOINT WARNING * * *
The jelly is moderately wounded.
The jelly barely misses you. The jelly attacks as you move away!
The jelly closely misses you.
Found a stone staircase leading up.
Found a sling.
The jelly hits you.
* * * LOW HITPOINT WARNING * * *
You are splashed with acid.
* * * LOW HITPOINT WARNING * * *
You feel better. The jelly hits you.
* * * LOW HITPOINT WARNING * * *
You are splashed with acid!
You die...
Your body rises from the dead as a mindless zombie.

........#####.#
#........ #
........#.....#
#........ #
........#.##..#
#........ #
###..#........# .. #
#####.####.###.# .. #
#.......##.#)#.# .. #
#.......#... #.# .. #
#.......#..#<#.# ..
#######.........@..#.###
..
J...............J.......
..
#######................
.. # #.......#..###.#.#
. # #######.#......... .
#.#.##.#.#.# .
#.#....#.#
######.####...#.
#..............#


You could see a jelly.

Vanquished Creatures
  A water moccasin (D:6)
  2 elf zombies (Ossuary)
  A bullfrog (D:4)
  A scorpion (D:6)
  A jelly (D:6)
  5 mummies
  A hound zombie (Ossuary)
  4 adders
  An ufetubus (D:4)
  2 adder zombies (Ossuary)
  2 worms
  3 dart slugs
  11 ball pythons
  5 bats
  2 endoplasms
  5 giant cockroaches
  2 goblins (D:1)
  5 hobgoblins
  7 kobolds
  2 quokkas (D:3)
  4 frilled lizards (D:1)
  A jackal zombie (Ossuary)
  3 kobold zombies (Ossuary)
  An orc zombie (Ossuary)
  7 rats
  2 rat zombies (Ossuary)
81 creatures vanquished.

Vanquished Creatures (collateral kills)
  A jelly (D:4)
  A giant cockroach (D:3)
  A kobold (D:2)
  A ball python (D:2)
  A frilled lizard (D:1)
  A goblin (D:3)
  A rat (D:1)
7 creatures vanquished.

Vanquished Creatures (others)
  A bat zombie (D:1)
  3 ball python zombies (D:3)
  A dart slug zombie (D:3)
  A kobold zombie (D:3)
  A quokka zombie (D:3)
  2 rat zombies (D:3)
  2 demonic plants (D:1)
11 creatures vanquished.

Grand Total: 99 creatures vanquished

Notes
Turn   | Place    | Note
-------+----------+-------------------------------------------
     0 | D:1      | tevo3000 the Kobold Brigand began the quest for the Orb.
     0 | D:1      | Reached XP level 1. HP: 12/12 MP: 1/1
   215 | D:1      | Reached XP level 2. HP: 17/17 MP: 2/2
   568 | D:1      | Found a faded altar of an unknown god.
   574 | D:1      | Prayed at the altar of an unknown god.
   574 | D:1      | Became a worshipper of Yredelemnul the Dark
   574 | D:1      | Reached * piety under Yredelemnul
   869 | D:1      | Reached XP level 3. HP: 15/21 MP: 3/3
   981 | D:1      | Reached ** piety under Yredelemnul
  1287 | D:2      | Reached skill level 6 in Stealth
  1429 | D:2      | Reached XP level 4. HP: 26/26 MP: 4/4
  1947 | D:3      | Identified the +5 great sword "Wibb" {vorpal, Str+2}
  2334 | D:3      | Reached XP level 5. HP: 12/30 MP: 5/5
  3127 | D:4      | Noticed a bullfrog
  3131 | D:4      | Killed a bullfrog
  3132 | D:4      | Reached skill level 5 in Short Blades
  3132 | D:4      | Reached skill level 7 in Stealth
  3336 | D:4      | Reached XP level 6. HP: 19/35 MP: 6/6
  3502 | D:4      | You fall into a shaft and drop 2 floors!
  3505 | D:6      | Noticed a water moccasin
  3565 | D:6      | Killed a water moccasin
  3883 | D:6      | Reached skill level 8 in Stealth
  3883 | D:6      | Reached XP level 7. HP: 40/40 MP: 7/7
  3895 | D:6      | Found a sand-covered staircase.
  3913 | Ossuary  | Entered an ossuary
  4551 | D:6      | HP: 1/40 [acid (6)]
  4553 | D:6      | Splashed by a jelly's acid

Illustrated notes

Levels and vault maps discovered:
D:1:      amcnicky_arrival_choice, layout_basic,
          dreamdust_ecumenical_altar_sealed_demon,
          chequers_serial_rivers_micro_b, dreamdust_princess_bridge
D:2:      layout_basic, kennysheep_generic_room_6
D:3:      minmay_chambers_of_threes, layout_rooms, dk_noncrumbling_4,
          chequers_hall_statues_wall_a
D:4:      layout_gridville, lemuel_doored_altar, nrook_mini_vaults,
          minmay_ruined_shrine
D:6:      layout_basic, gup_ossuary_entry_pyramid

Skill      XL: |  1  2  3  4  5  6  7 |
---------------+----------------------+-----
Short Blades   | 3 4 5 6 7 |  7.0
Dodging        | 2 3 4 |  4.2
Stealth        | 6 7 8 |  8.9
Fighting       | |  2.1
Throwing       | |  2.1

Action                   |  1- 3 |  4- 6 |  7- 9 || total
-------------------------+-------+-------+-------++-------
Melee: Dagger            |    44 |    85 |    96 ||   225
       Punch             |       |     1 |     2 ||     3
Throw: Dart              |    10 |       |       ||    10
Invok: Recall Undead Har |     1 |     2 |       ||     3
  Use: Potion            |       |     4 |     4 ||     8
 Stab: Sleeping          |     9 |    21 |     7 ||    37
       Distracted        |       |     1 |       ||     1
Armor: Robe              |     7 |    12 |     2 ||    21
Dodge: Dodged            |    18 |    44 |    36 ||    98
